[Event "Titled Tuesday Blitz December 13 Early 2022"]
[White "Roebers, Jan"]
[Black "Gonzalez, Francisco Silva"]
[WhiteFideId "1007815"]
[BlackFideId "1512285"]
[WhiteElo "2119"]
[BlackElo "2220"]
[Result "1/2-1/2"]
[Round "03"]
[TimeControl "180+1"]
[Date "2022.12.14"]
[WhiteClock "0:00:19"]
[BlackClock "0:00:24"]

1. e4 e5 2. Nf3 Nc6 3. d4 exd4 4. c3 Nge7 5. cxd4 d5 6. e5 Bg4 7. Be2 Nf5 8. Be3 g6 9. h3 Bxf3 10. Bxf3 Nxe3 11. fxe3 Bh6 12. Qe2 O-O 13. O-O Ne7 14. Nc3 c6 15. Rad1 Nf5 16. e4 Be3+ 17. Kh2 Bf4+ 18. Kg1 Be3+ 19. Kh2 Bf4+ 20. Kg1 Ng3 21. Qe1 Nxf1 22. Kxf1 dxe4 23. Nxe4 Kg7 24. Kg1 Re8 25. Kh1 h5 26. Nf6 Re6 27. g4 hxg4 28. Bxg4 Rxf6 29. exf6+ Qxf6 30. Qe4 Qg5 31. Rf1 Bd6 32. d5 Qxd5 33. Qxd5 cxd5 34. Bf3 f5 35. Bxd5 Rc8 36. Bb3 Be5 37. Rd1 b5 38. Rd5 Bxb2 39. Rxb5 Kf6 40. Rb7 Bd4 41. Kg2 g5 42. Kf3 Rc3+ 43. Kg2 Rd3 44. Rf7+ Ke5 45. Re7+ Kf4 46. Re2 Rg3+ 47. Kh2 Bg1+ 48. Kh1 Be3 49. Kh2 Rf3 50. Be6 a5 51. Kg2 Rg3+ 52. Kh2 Bg1+ 53. Kh1 Be3 54. Kh2 Rf3 55. Kg2 Rg3+ 56. Kh2 1/2-1/2


[Site "https://www.chess.com"]

[Event "Titled Tuesday Blitz December 13 Early 2022"]
[White "Roque Sola, Jose Luis"]
[Black "Shtompel, Yuriy"]
[WhiteFideId "5120390"]
[BlackFideId "14168278"]
[WhiteElo "2117"]
[BlackElo "1844"]
[Result "1-0"]
[Round "03"]
[TimeControl "180+1"]
[Date "2022.12.14"]
[WhiteClock "0:00:19"]
[BlackClock "0:00:04"]

1. c4 e5 2. Nc3 Nc6 3. Nf3 g6 4. g3 Bg7 5. Bg2 Nge7 6. O-O d6 7. d3 O-O 8. Rb1 Be6 9. Nd2 Qd7 10. b4 f5 11. b5 Nd8 12. Ba3 f4 13. Nce4 h6 14. c5 d5 15. c6 Qc8 16. cxb7 Nxb7 17. Bxe7 dxe4 18. Bxf8 Qxf8 19. Bxe4 Rb8 20. Bxg6 Bh3 21. Re1 fxg3 22. hxg3 Nd6 23. Qb3+ Kh8 24. Ne4 Nf5 25. Qf7 Qc8 26. Nf6 Rb6 27. Nh5 Qd8 28. Qe8+ Qxe8 29. Bxe8 Bf8 30. a4 Bg4 31. a5 Rd6 32. Rbc1 Bxh5 33. Bxh5 Nd4 34. Rxc7 Nxb5 35. Rb7 a6 36. Rb6 Kg7 37. Rxd6 Bxd6 38. Rc1 Bb4 39. Rc6 Bxa5 40. Rxa6 Bc3 41. Rg6+ Kh7 42. Rb6 Nd4 43. Rb7+ Kg8 44. Kg2 Nf5 45. Bg6 Nd4 46. Bh7+ Kh8 47. Be4 Ne6 48. Rh7+ Kg8 49. Rxh6 Nc5 50. Bd5+ Kf8 51. Rc6 Bb4 52. Rc8+ Ke7 53. g4 Nd7 54. Rc7 Kd6 55. Rxd7+ Kxd7 56. Be4 Ke7 57. g5 Kf7 58. g6+ Kg7 59. Kg3 Kf6 60. e3 Bd2 61. Kf3 Bc1 62. d4 exd4 63. exd4 Bb2 64. Ke3 Ba3 65. d5 Bd6 66. f4 Kg7 67. f5 Kf6 68. Kd4 Kg7 69. Kc4 Kf6 70. Kb5 Ke5 71. g7 Kf6 72. g8=Q Be5 73. Qe6+ 1-0


[Site "https://www.chess.com"]

[Event "Titled Tuesday Blitz December 13 Early 2022"]
[White "Rosenberg, Evan S"]
[Black "Hamley, Ryan"]
[WhiteFideId "2019299"]
[BlackFideId "30959497"]
[WhiteElo "2420"]
[BlackElo "2604"]
[Result "1/2-1/2"]
[Round "03"]
[TimeControl "180+1"]
[Date "2022.12.14"]
[WhiteClock "0:00:16"]
[BlackClock "0:00:08"]

1. d4 Nf6 2. Nf3 g6 3. Nc3 d5 4. Bf4 Bg7 5. Nb5 Na6 6. e3 O-O 7. h3 Ne4 8. Nd2 Nxd2 9. Qxd2 c6 10. Nc3 c5 11. Bxa6 bxa6 12. O-O Bb7 13. Na4 cxd4 14. exd4 Bc6 15. Nc5 Rc8 16. c3 Re8 17. Rfe1 Qb6 18. b4 a5 19. a3 e6 20. h4 h5 21. Re3 Qb5 22. a4 Qc4 23. b5 Ba8 24. Rg3 e5 25. Bh6 Bh8 26. Rd1 exd4 27. cxd4 Bxd4 28. Qxd4 Re1+ 29. Kh2 Qxd4 30. Rxd4 Rxc5 31. Re3 Rxe3 32. fxe3 Bb7 33. Kg3 Rc3 34. Kf4 Kh7 35. Bg5 Kg7 36. Ke5 Rc2 37. g3 Rf2 38. Kd6 f6 39. Bf4 Rc2 40. Ke6 Bc8+ 41. Ke7 Bb7 42. Ke6 Bc8+ 43. Kxd5 Kf7 44. Kd6 Be6 45. Re4 Rd2+ 46. Kc7 Rd7+ 47. Kc6 Rd8 48. Rd4 Rc8+ 49. Bc7 Re8 50. Rd6 Bf5 51. Rd8 Be4+ 52. Kc5 Re7 53. Bd6 Re6 54. Rf8+ Kg7 55. Rd8 g5 56. hxg5 fxg5 57. Kd4 h4 58. Be5+ Kg6 59. gxh4 gxh4 60. Rd6 h3 61. Rxe6+ Kf5 62. Rh6 Bg2 63. Rxh3 Bxh3 64. Bb8 a6 65. bxa6 Bg2 66. a7 Ba8 67. Bc7 Ke6 68. Bxa5 Kd7 69. Bb6 Ke6 70. a5 Ke7 71. e4 Kd7 72. Kc5 Bxe4 73. Kb5 Ba8 74. Ka6 Kc8 75. Bc5 Kc7 76. Bf8 Kc6 77. Bh6 Kc7 78. Be3 Kc6 79. Bd4 Kc7 80. Bb6+ Kc6 81. Bc5 Kxc5 1/2-1/2


[Site "https://www.chess.com"]

[Event "Titled Tuesday Blitz December 13 Early 2022"]
[White "Royal, Shreyas"]
[Black "Stanisz, Patryk"]
[WhiteFideId "448869"]
[BlackFideId "1123106"]
[WhiteElo "2331"]
[BlackElo "2069"]
[Result "1-0"]
[Round "03"]
[TimeControl "180+1"]
[Date "2022.12.14"]
[WhiteClock "0:00:38"]
[BlackClock "0:00:01"]

1. e4 c5 2. Nf3 Nc6 3. Bb5 g6 4. c3 Bg7 5. O-O Nf6 6. Re1 O-O 7. e5 Nd5 8. d4 cxd4 9. cxd4 d6 10. Nc3 Nxc3 11. bxc3 Bg4 12. exd6 Qxd6 13. h3 Bxf3 14. Qxf3 Rac8 15. Bf4 Qa3 16. Bg5 e6 17. Rab1 a6 18. Bc4 Nxd4 19. Qd3 Nc6 20. Rxb7 Na5 21. Be7 Qxc3 22. Qxc3 Bxc3 23. Bxa6 Nxb7 24. Rd1 Rc7 25. Bxf8 Kxf8 26. Rb1 Nd6 27. Be2 Nf5 28. Rb8+ Kg7 29. a4 Ra7 30. Bb5 Nd4 31. Be8 Ra5 32. Kf1 Kf6 33. f4 1-0


[Site "https://www.chess.com"]

[Event "Titled Tuesday Blitz December 13 Early 2022"]
[White "Sadubayev, Airat"]
[Black "Cruz, William Ferreira Da"]
[WhiteFideId "13713264"]
[BlackFideId "2118050"]
[WhiteElo "2160"]
[BlackElo "2223"]
[Result "1-0"]
[Round "03"]
[TimeControl "180+1"]
[Date "2022.12.14"]
[WhiteClock "0:00:30"]
[BlackClock "0:00:01"]

1. d4 Nf6 2. c4 g6 3. Nc3 Bg7 4. e4 O-O 5. f3 d6 6. Be3 c5 7. Nge2 Nc6 8. d5 Ne5 9. Ng3 e6 10. Be2 b5 11. Nxb5 exd5 12. cxd5 Rb8 13. Qd2 Ba6 14. a4 Ne8 15. O-O Bxb5 16. axb5 Nc7 17. Ra5 f5 18. exf5 gxf5 19. Nh5 Bh8 20. Rfa1 Qe8 21. Nf4 Nxb5 22. Ne6 Rf7 23. Bh6 Nd4 24. Nxd4 cxd4 25. Rxa7 d3 26. Bf1 Rxa7 27. Rxa7 Nf7 28. Be3 Rxb2 29. Qxd3 Rb1 30. Bf2 Qb8 31. Qxf5 Rb7 32. Ra4 Rb4 33. Ra7 Rb7 34. Rxb7 Qxb7 35. Bd3 1-0


[Site "https://www.chess.com"]

[Event "Titled Tuesday Blitz December 13 Early 2022"]
[White "Salinas Herrera, Pablo"]
[Black "So, Wesley"]
[WhiteFideId "3407128"]
[BlackFideId "5202213"]
[WhiteElo "2557"]
[BlackElo "2763"]
[Result "0-1"]
[Round "03"]
[TimeControl "180+1"]
[Date "2022.12.13"]
[WhiteClock "0:00:02"]
[BlackClock "0:00:16"]

1. e4 c5 2. Nf3 d6 3. d4 cxd4 4. Nxd4 Nf6 5. Nc3 a6 6. Be2 e5 7. Nf3 Be7 8. Bg5 Nbd7 9. O-O h6 10. Be3 Ng4 11. Bc1 Ngf6 12. Be3 b5 13. a4 b4 14. Nd5 Nxd5 15. exd5 a5 16. Bb5 O-O 17. Nd2 Nb6 18. Bc6 Rb8 19. Nb3 Nc4 20. Ba7 Ba6 21. Bxb8 Qxb8 22. Qe2 Qb6 23. Bb5 Bxb5 24. axb5 Rc8 25. Ra4 Qxb5 26. Rxa5 Qb7 27. Ra4 Nxb2 28. Ra2 Nc4 29. Rd1 Bd8 30. Kh1 Na3 31. Rd2 Nb1 32. Rd3 Nc3 33. Rxc3 Rxc3 34. Qd2 Bb6 35. Ra4 Qc7 36. Rxb4 Rxc2 37. Qd1 Rxf2 38. h3 Rf4 39. Rxf4 exf4 40. Nd2 Be3 41. Nf3 Qc1 42. Qxc1 Bxc1 43. Kg1 Be3+ 44. Kf1 g6 45. Ke2 Kg7 46. Kd3 Kf6 47. Ke4 h5 48. Ne1 g5 49. Nd3 Kg6 50. Nb4 f5+ 51. Kd3 Kf6 52. Nc6 Bc5 53. Ke2 g4 54. Kf1 f3 55. hxg4 fxg2+ 56. Kxg2 hxg4 57. Kg3 Kg5 58. Ne7 f4+ 59. Kg2 f3+ 60. Kg3 Bd4 61. Nc6 Be5+ 62. Kf2 Kf4 0-1


[Site "https://www.chess.com"]

[Event "Titled Tuesday Blitz December 13 Early 2022"]
[White "Salman, Pavel"]
[Black "Lauridsen, Jesper Morch"]
[WhiteFideId "24153753"]
[BlackFideId "1401890"]
[WhiteElo "2187"]
[BlackElo "2273"]
[Result "0-1"]
[Round "03"]
[TimeControl "180+1"]
[Date "2022.12.14"]
[WhiteClock "0:00:05"]
[BlackClock "0:00:19"]

1. d4 d5 2. Nc3 e6 3. Bf4 Bb4 4. Qd3 Nf6 5. O-O-O O-O 6. g4 b6 7. Nf3 Ba6 8. Nb5 c6 9. Qb3 Qe7 10. a3 Bxb5 11. Qxb4 Qxb4 12. axb4 a5 13. Ne5 axb4 14. f3 Ra1+ 15. Kd2 Rxd1+ 16. Kxd1 Nbd7 17. g5 Nxe5 18. gxf6 Nc4 19. fxg7 Ra8 20. Ke1 Nxb2 21. Kf2 Nd1+ 22. Kg3 Ra1 23. Bg2 Bxe2 24. Re1 Ra2 25. Rxe2 b3 26. Rd2 b2 27. Rxd1 Ra1 28. Rxa1 bxa1=Q 29. Be5 c5 30. Kf2 Qb2 31. Bf1 Qxc2+ 32. Kg1 c4 33. h4 b5 34. h5 b4 35. h6 b3 0-1


[Site "https://www.chess.com"]

[Event "Titled Tuesday Blitz December 13 Early 2022"]
[White "Samarth, J Rao"]
[Black "Diaz Rosas, Julio Cesar"]
[WhiteFideId "46652370"]
[BlackFideId "5105099"]
[WhiteElo "1564"]
[BlackElo "2246"]
[Result "0-1"]
[Round "03"]
[TimeControl "180+1"]
[Date "2022.12.14"]
[WhiteClock "0:00:01"]
[BlackClock "0:00:32"]

1. Nf3 d5 2. g3 Nf6 3. Bg2 Nbd7 4. O-O e5 5. d3 Bc5 6. Nbd2 O-O 7. e4 dxe4 8. Nxe4 Nxe4 9. dxe4 Qe7 10. c3 Bb6 11. Qe2 a5 12. Rd1 a4 13. Bg5 Qe6 14. Nh4 h6 15. Be3 a3 16. b3 Qc6 17. Nf5 Re8 18. Qg4 Qg6 19. Qxg6 fxg6 20. Bxb6 Nxb6 21. Ne3 c6 22. Rd6 Be6 23. Rad1 Kf7 24. c4 Nc8 25. R6d2 Ne7 26. f4 exf4 27. gxf4 Ng8 28. e5 Ne7 29. Rd6 Nf5 30. Nxf5 gxf5 31. c5 Ke7 32. Kf2 g5 33. Ke3 Ra5 34. Rc1 Rb5 35. Bf1 Rb4 36. fxg5 hxg5 37. Rcd1 Re4+ 38. Kf2 Rxe5 39. Bc4 Kf6 0-1


[Site "https://www.chess.com"]

[Event "Titled Tuesday Blitz December 13 Early 2022"]
[White "Sankalan Shah"]
[Black "Rangel, Daniel"]
[WhiteFideId "25600362"]
[BlackFideId "2124475"]
[WhiteElo "2118"]
[BlackElo "2225"]
[Result "0-1"]
[Round "03"]
[TimeControl "180+1"]
[Date "2022.12.14"]
[WhiteClock "0:00:11"]
[BlackClock "0:00:48"]

1. d4 d5 2. c4 c6 3. e3 Nf6 4. Nc3 e6 5. Qc2 Nbd7 6. Nf3 Bd6 7. g4 Nxg4 8. Rg1 Nxh2 9. Nxh2 Bxh2 10. Rxg7 h5 11. e4 Qf6 12. Rg2 Bf4 13. cxd5 exd5 14. exd5 Nb6 15. Ne4 Qh6 16. Bxf4 Qxf4 17. dxc6 bxc6 18. Bd3 Bd7 19. Qc5 Kd8 20. Rg7 Re8 21. Kf1 Kc7 22. Ng5 Rg8 23. Rxg8 Rxg8 24. Nxf7 Qxf7 25. Qe5+ Kb7 0-1


[Site "https://www.chess.com"]

[Event "Titled Tuesday Blitz December 13 Early 2022"]
[White "Santos Flores, Alberto"]
[Black "Grandelius, Nils"]
[WhiteFideId "3601234"]
[BlackFideId "1710400"]
[WhiteElo "2235"]
[BlackElo "2617"]
[Result "0-1"]
[Round "03"]
[TimeControl "180+1"]
[Date "2022.12.14"]
[WhiteClock "0:00:22"]
[BlackClock "0:01:26"]

1. d4 Nf6 2. Nf3 b6 3. Bf4 Bb7 4. e3 g6 5. Nbd2 Bg7 6. Be2 O-O 7. O-O d6 8. h3 Nbd7 9. c3 Qe8 10. Bh2 e5 11. dxe5 dxe5 12. Nc4 Ne4 13. Nfd2 Ng5 14. Nf3 Ne4 15. Nfd2 Nec5 16. Qc2 Rd8 17. Bf3 Bxf3 18. Nxf3 Qe6 19. Qe2 f6 20. Rfd1 Na4 21. Rac1 Rfe8 22. b3 Nac5 23. Ncd2 Qc6 24. Qc4+ Qe6 25. Qxe6+ Nxe6 26. Nc4 Ndc5 27. Kf1 Ne4 28. Nfd2 N6c5 29. b4 Nxd2+ 30. Rxd2 Ne4 31. Rxd8 Rxd8 32. Ke2 b5 33. f3 bxc4 34. fxe4 Rd3 35. Bg1 Bf8 36. Bf2 c6 37. Be1 Rxe3+ 38. Kxe3 Bh6+ 39. Ke2 Bxc1 40. Bf2 a6 41. g4 Kf7 42. Kd1 Bh6 43. Ke2 Ke6 44. Kf3 Bd2 0-1


[Site "https://www.chess.com"]

[Event "Titled Tuesday Blitz December 13 Early 2022"]
[White "Sarana, Alexey"]
[Black "Odegov, Artem"]
[WhiteFideId "24133795"]
[BlackFideId "34183644"]
[WhiteElo "3016"]
[BlackElo "2626"]
[Result "1-0"]
[Round "03"]
[TimeControl "180+1"]
[Date "2022.12.14"]
[WhiteClock "0:00:17"]
[BlackClock "0:00:01"]

1. d4 d5 2. c4 e6 3. Nc3 c5 4. dxc5 d4 5. Na4 Nc6 6. Nf3 e5 7. e3 Nf6 8. Be2 d3 9. Bf1 e4 10. Nd2 Nb4 11. f3 Nc2+ 12. Kf2 Nxa1 13. Nxe4 Nxe4+ 14. fxe4 Nc2 15. a3 Bd7 16. Nc3 Qh4+ 17. g3 Qf6+ 18. Kg1 Bxc5 19. Nd5 Qh6 20. Qxd3 O-O 21. Qxc2 Bc6 22. Nf4 Rfe8 23. Bg2 a5 24. Kf2 Re5 25. Rd1 Rae8 26. Nd5 f5 27. b4 axb4 28. axb4 Ba7 29. c5 Bxd5 30. exd5 b6 31. d6 bxc5 32. d7 Rd8 33. Qc4+ Kh8 34. b5 Bb6 35. Kg1 Re7 36. Bc6 Qf6 37. Kg2 Qe6 38. Qf4 c4 39. Rd6 Qf7 40. Bd5 Qf8 41. Rxb6 Rexd7 42. Bf3 Qc5 43. Rb8 h6 44. b6 1-0


[Site "https://www.chess.com"]

[Event "Titled Tuesday Blitz December 13 Early 2022"]
[White "Saravana, Krishnan P."]
[Black "Jumanov, Elbek"]
[WhiteFideId "5018382"]
[BlackFideId "14202905"]
[WhiteElo "2190"]
[BlackElo "2055"]
[Result "1-0"]
[Round "03"]
[TimeControl "180+1"]
[Date "2022.12.14"]
[WhiteClock "0:00:13"]
[BlackClock "0:00:01"]

1. e4 c5 2. Nf3 e6 3. c3 Nf6 4. e5 Nd5 5. Bc4 d6 6. O-O Nc6 7. exd6 Bxd6 8. d4 cxd4 9. cxd4 O-O 10. Nc3 Nf4 11. Ne4 Bb8 12. Be3 a6 13. Rc1 Nb4 14. Qb3 Nbd5 15. Rfd1 b5 16. Bf1 Nxe3 17. fxe3 Bb7 18. Ned2 Nd5 19. Re1 Qf6 20. Bd3 Qh6 21. Ne5 f6 22. Nef3 Re8 23. Nf1 Bd6 24. a4 b4 25. a5 g5 26. Bc4 g4 27. N3d2 Rad8 28. Ne4 Bb8 29. Nc5 Ba8 30. Rc2 f5 31. Rf2 f4 32. exf4 Nxf4 33. Nxe6 Rxe6 34. Bxe6+ Kh8 35. d5 Rf8 36. Qe3 Qh4 37. Qd4+ Qf6 38. Qxb4 1-0


[Site "https://www.chess.com"]

[Event "Titled Tuesday Blitz December 13 Early 2022"]
[White "Schut, Han"]
[Black "Walentukiewicz, Michal"]
[WhiteFideId "1005561"]
[BlackFideId "1126903"]
[WhiteElo "2024"]
[BlackElo "2028"]
[Result "1/2-1/2"]
[Round "03"]
[TimeControl "180+1"]
[Date "2022.12.14"]
[WhiteClock "0:00:13"]
[BlackClock "0:00:30"]

1. e4 g6 2. d4 Bg7 3. Nc3 c5 4. dxc5 Qa5 5. Bd2 Qxc5 6. Bd3 Nf6 7. Nf3 O-O 8. O-O Nc6 9. Rb1 d5 10. exd5 Nxd5 11. Nxd5 Qxd5 12. h3 Qxa2 13. b3 Qa3 14. Qe1 Qd6 15. Be4 Be6 16. c4 Rfd8 17. Rd1 Qa3 18. Bxc6 bxc6 19. Ne5 Qc5 20. Nf3 a5 21. Ng5 Bf5 22. Be3 Qb4 23. Rxd8+ Rxd8 24. Qxb4 axb4 25. Bc5 Rd3 26. Bxb4 Rxb3 27. Bxe7 Bd3 28. Rd1 h6 29. Nf3 Bxc4 30. Rd8+ Kh7 31. Bf8 Bd5 32. Bxg7 Kxg7 33. Ne5 Rb1+ 34. Kh2 Re1 35. Nd7 Re2 36. Kg3 h5 37. h4 Rc2 38. Nb6 Be6 39. Nc8 c5 40. Nd6 c4 41. Ne8+ Kf8 42. Rb8 Ke7 43. Nc7 Rc1 44. Nxe6 Kxe6 45. Rc8 c3 46. f3 f6 47. Rc6+ Ke5 48. Rc8 Kd4 49. Rd8+ Kc4 50. Rc8+ Kb3 51. Rb8+ Ka2 52. Ra8+ Kb1 53. Rb8+ Kc2 54. Rf8 Kd1 55. Rxf6 c2 56. Rd6+ Ke1 57. Re6+ Kd2 58. Rd6+ Kc3 59. Rc6+ Kd4 60. Rc8 Kd3 61. Rd8+ Kc4 62. Rc8+ Kd4 63. Rd8+ Ke5 64. Re8+ Kf6 65. Rc8 Kf7 66. Rc7+ Ke6 67. Rc3 Ke5 68. Rc8 Kd6 69. Rc3 Kd5 70. Rc8 Ke6 71. Rc3 Kf6 72. Rc8 Kg7 73. Rc7+ Kh6 74. Rc6 Kh7 75. Rc7+ Kh6 76. Rc6 Kg7 77. Rc7+ Kf6 78. Rc6+ Ke5 79. Rc8 Ke6 80. Rc3 1/2-1/2


[Site "https://www.chess.com"]

[Event "Titled Tuesday Blitz December 13 Early 2022"]
[White "Seifert, Henryk"]
[Black "Forgacs, Attila Jr."]
[WhiteFideId "1100963"]
[BlackFideId "773654"]
[WhiteElo "2120"]
[BlackElo "2168"]
[Result "0-1"]
[Round "03"]
[TimeControl "180+1"]
[Date "2022.12.14"]
[WhiteClock "0:00:04"]
[BlackClock "0:01:37"]

1. e4 e5 2. Nf3 Nc6 3. Nc3 Nf6 4. Bb5 Bd6 5. h3 O-O 6. O-O Re8 7. d3 h6 8. Be3 Bf8 9. a3 a6 10. Bc4 d6 11. Qd2 Be6 12. Bxe6 fxe6 13. d4 exd4 14. Nxd4 Ne5 15. Qe2 c5 16. Nf3 Nxf3+ 17. Qxf3 Qc7 18. Rad1 Qf7 19. Bf4 Rad8 20. e5 Nh5 21. Ne2 d5 22. g4 Nxf4 23. Qxf4 b5 24. Qxf7+ Kxf7 25. f4 g6 26. c3 Bg7 27. Kg2 Ke7 28. Rf3 Rf8 29. Rdf1 g5 30. fxg5 hxg5 31. Rxf8 Rxf8 32. Rxf8 Kxf8 0-1


[Site "https://www.chess.com"]

[Event "Titled Tuesday Blitz December 13 Early 2022"]
[White "Seo, Jung Min"]
[Black "Degenbaev, Aziz"]
[WhiteFideId "1734687"]
[BlackFideId "13802640"]
[WhiteElo "2457"]
[BlackElo "2039"]
[Result "1-0"]
[Round "03"]
[TimeControl "180+1"]
[Date "2022.12.14"]
[WhiteClock "0:00:59"]
[BlackClock "0:00:02"]

1. d4 Nf6 2. c4 g6 3. Nc3 Bg7 4. e4 d6 5. h3 O-O 6. Be3 e5 7. d5 Na6 8. g4 Nc5 9. f3 a5 10. Nge2 c6 11. Ng3 cxd5 12. cxd5 h5 13. Qd2 a4 14. Bg5 h4 15. Nge2 Bd7 16. Nc1 Qa5 17. Nd3 b5 18. Nxc5 dxc5 19. Bxh4 b4 20. Nd1 Rfc8 21. Ne3 Ne8 22. Nc4 Qc7 23. Bg3 Bb5 24. h4 Bxc4 25. Bxc4 Nd6 26. Rc1 b3 27. a3 f6 28. O-O Kh7 29. Kg2 Qb7 30. Bf2 Qe7 31. Be3 Kg8 32. h5 gxh5 33. gxh5 Kh7 34. Kf2 f5 35. Bg5 Qf7 36. h6 Bh8 37. exf5 e4 38. Be2 Qxf5 39. Ke1 Re8 40. Kd1 e3 41. Qd3 Qxd3+ 42. Bxd3+ Kg8 43. Rxc5 Bxb2 44. Rc7 Be5 45. Rd7 b2 46. Ke2 Rab8 47. Rg1 Rb3 48. Bf6+ Kf8 49. Bg7+ 1-0


[Site "https://www.chess.com"]

[Event "Titled Tuesday Blitz December 13 Early 2022"]
[White "Shuvalova, Polina"]
[Black "Jaskolka, Tomasz"]
[WhiteFideId "24171760"]
[BlackFideId "1170791"]
[WhiteElo "2361"]
[BlackElo "2126"]
[Result "1-0"]
[Round "03"]
[TimeControl "180+1"]
[Date "2022.12.14"]
[WhiteClock "0:00:46"]
[BlackClock "0:00:16"]

1. d4 d5 2. Nf3 c6 3. c4 Nf6 4. Nc3 a6 5. c5 Bf5 6. Bf4 Nbd7 7. h3 h6 8. e3 e6 9. g4 Be4 10. Bg2 Be7 11. Qb3 b5 12. cxb6 Qxb6 13. Qxb6 Nxb6 14. Nxe4 Nxe4 15. O-O c5 16. b3 O-O 17. Rac1 c4 18. Ne5 cxb3 19. axb3 Rfc8 20. Rxc8+ Rxc8 21. Ra1 Rc3 22. b4 Bxb4 23. Rxa6 Rc1+ 24. Kh2 Nc4 25. Nxc4 Rxc4 26. Bxe4 dxe4 27. Ra4 g5 28. Bg3 f6 29. Kg2 e5 30. dxe5 Kf7 31. exf6 Ke6 32. f7 Kxf7 33. Bd6 1-0


[Site "https://www.chess.com"]

[Event "Titled Tuesday Blitz December 13 Early 2022"]
[White "Skuhala, Barbara"]
[Black "Kozlov, Gennady"]
[WhiteFideId "14605465"]
[BlackFideId "4191668"]
[WhiteElo "2137"]
[BlackElo "2356"]
[Result "0-1"]
[Round "03"]
[TimeControl "180+1"]
[Date "2022.12.14"]
[WhiteClock "0:00:07"]
[BlackClock "0:00:33"]

1. e4 e6 2. d4 d5 3. Nc3 Nf6 4. Bg5 Be7 5. e5 Nfd7 6. h4 Nc6 7. Bxe7 Qxe7 8. Qg4 g6 9. O-O-O h5 10. Qe2 Nb6 11. f4 Bd7 12. Nf3 O-O-O 13. Kb1 Na5 14. Qe1 Nac4 15. Bxc4 Nxc4 16. b3 Na3+ 17. Kb2 Kb8 18. Nb1 Nxb1 19. Kxb1 c5 20. c3 Rc8 21. dxc5 Qxc5 22. Kb2 Rc6 23. Nd4 Ra6 24. Qd2 Rc8 25. Rc1 b5 26. Rc2 Qa3+ 27. Kb1 Rb6 28. Rhc1 a5 29. Qe2 Kb7 30. g4 hxg4 31. Qxg4 Qe7 32. h5 gxh5 33. Qxh5 Be8 34. Qf3 Ka7 35. f5 Qc7 36. fxe6 fxe6 37. Qe3 Bd7 38. Rg1 Ka6 39. Rg7 Rf8 40. Qd3 Rb7 41. a4 Qc5 42. axb5+ Bxb5 43. Nxb5 Qxb5 44. Qxb5+ Rxb5 45. Ka2 Rf5 46. c4 Rc5 47. Rd7 Rxe5 48. Rd6+ Kb7 49. Ka3 Rc6 50. Rd7+ Kb6 51. Rd8 Re3 52. Ka4 Re4 53. Rb8+ Kc7 54. Re8 dxc4 55. bxc4 Rcxc4+ 56. Rxc4+ Rxc4+ 57. Kxa5 Kd7 58. Rh8 Kd6 59. Kb5 Rc1 60. Kb4 Kd5 61. Kb3 e5 62. Kb2 Rc7 63. Rd8+ Ke4 64. Rf8 Kd3 65. Rd8+ Ke3 66. Re8 e4 67. Rf8 Kd2 68. Rd8+ Ke2 69. Rf8 e3 70. Rf6 Kd2 71. Rd6+ Ke1 72. Rf6 e2 73. Rf8 Rc5 74. Rf6 Kd2 75. Rd6+ Ke3 0-1


[Site "https://www.chess.com"]

[Event "Titled Tuesday Blitz December 13 Early 2022"]
[White "Sovetbekova, Nurai"]
[Black "Derjabin, Ilja"]
[WhiteFideId "13801910"]
[BlackFideId "14104768"]
[WhiteElo "1925"]
[BlackElo "2309"]
[Result "1-0"]
[Round "03"]
[TimeControl "180+1"]
[Date "2022.12.14"]
[WhiteClock "0:00:04"]
[BlackClock "0:00:04"]

1. d4 Nf6 2. c4 c5 3. d5 b5 4. cxb5 a6 5. e3 d6 6. Nc3 g6 7. Qc2 Bg7 8. Nf3 O-O 9. bxa6 Nxa6 10. Be2 Nb4 11. Qd1 Bf5 12. O-O Bc2 13. Qd2 Ne4 14. Nxe4 Bxe4 15. Bc4 Bxf3 16. gxf3 Qc8 17. Kg2 f5 18. f4 Qb7 19. a3 Rfb8 20. Rb1 Na6 21. b3 Nc7 22. Bb2 Bxb2 23. Qxb2 e6 24. Qf6 exd5 25. Be2 Qc6 26. a4 Rf8 27. Qb2 c4 28. Bf3 c3 29. Qc2 Rfc8 30. Rfd1 Ra5 31. Rbc1 Kf8 32. Qxc3 Qxc3 33. Rxc3 Rc5 34. Rdc1 Na6 35. Rxc5 dxc5 36. Bxd5 Rb8 37. Bc4 Nb4 38. Rd1 Ke7 39. Kf3 Rb7 40. Ke2 Ra7 41. Ra1 Rb7 42. Rc1 Kd6 43. Bb5 Ra7 44. Rd1+ Ke6 45. Bc4+ Ke7 46. Bb5 Rb7 47. Kd2 Ke6 48. Kc3 h6 49. Kc4 Rc7 50. Rd8 g5 51. Re8+ Kf7 52. Rh8 gxf4 53. Rxh6 Kg7 54. Re6 fxe3 55. Rxe3 Nc2 56. Rg3+ Kf6 57. Rh3 Nd4 58. Rh6+ Kg5 59. Rh8 Kf4 60. a5 1-0


[Site "https://www.chess.com"]

[Event "Titled Tuesday Blitz December 13 Early 2022"]
[White "Stijve, Theo"]
[Black "Muminova, Nafisa"]
[WhiteFideId "1331132"]
[BlackFideId "14201526"]
[WhiteElo "2256"]
[BlackElo "2258"]
[Result "1-0"]
[Round "03"]
[TimeControl "180+1"]
[Date "2022.12.14"]
[WhiteClock "0:01:01"]
[BlackClock "0:00:26"]

1. e4 e6 2. d4 d5 3. exd5 exd5 4. Nf3 Bd6 5. Bd3 Bg4 6. O-O Ne7 7. Bg5 f6 8. Bh4 Nbc6 9. c3 Qd7 10. Nbd2 O-O-O 11. b4 Rde8 12. a4 h5 13. a5 g5 14. Bg3 h4 15. Bxd6 Qxd6 16. h3 Bh5 17. b5 Nd8 18. c4 dxc4 19. Nxc4 Qd7 20. b6 a6 21. bxc7 Qxc7 22. Qc2 Bxf3 23. Nd6+ Kd7 24. Qxc7+ Kxc7 25. Nxe8+ Rxe8 26. gxf3 Ndc6 27. Be4 Rd8 28. d5 Nxd5 29. Rfd1 Nc3 30. Rxd8 Kxd8 31. Bxc6 bxc6 32. f4 gxf4 33. Kg2 Nd5 34. Kf3 Kd7 35. Kg4 Ke6 36. Re1+ Kd6 37. Kxh4 c5 38. Kg4 c4 39. h4 c3 40. h5 c2 41. h6 Nc3 42. Rc1 1-0


[Site "https://www.chess.com"]

[Event "Titled Tuesday Blitz December 13 Early 2022"]
[White "Svane, Rasmus"]
[Black "Harsh Suresh"]
[WhiteFideId "4657101"]
[BlackFideId "45018464"]
[WhiteElo "2674"]
[BlackElo "2227"]
[Result "1-0"]
[Round "03"]
[TimeControl "180+1"]
[Date "2022.12.13"]
[WhiteClock "0:01:25"]
[BlackClock "0:00:36"]

1. Nf3 Nf6 2. g3 b6 3. Bg2 Bb7 4. O-O e6 5. d4 Be7 6. c4 O-O 7. Re1 c5 8. d5 exd5 9. Nh4 Re8 10. Nc3 Qc8 11. cxd5 d6 12. e4 Bf8 13. Bf4 a6 14. Nf5 Qc7 15. e5 dxe5 16. d6 Qd7 17. Bxb7 Qxb7 18. Bxe5 Nbd7 19. Bf4 Rxe1+ 20. Qxe1 Re8 21. Qd2 g6 22. Ne3 g5 23. Nf5 gxf4 24. Qxf4 Ne5 25. Qg5+ Ng6 26. Qxf6 h6 27. Rd1 Qd7 28. Nd5 Re5 29. Qxe5 Nxe5 30. Nf6+ 1-0


[Site "https://www.chess.com"]

[Event "Titled Tuesday Blitz December 13 Early 2022"]
[White "Szyszylo, Rafal"]
[Black "Vlassov, Nikolai"]
[WhiteFideId "1109626"]
[BlackFideId "4103360"]
[WhiteElo "1981"]
[BlackElo "2324"]
[Result "0-1"]
[Round "03"]
[TimeControl "180+1"]
[Date "2022.12.14"]
[WhiteClock "0:01:18"]
[BlackClock "0:01:43"]

1. e4 Nc6 2. d4 d5 3. e5 h5 4. h4 Bg4 5. Be2 Qd7 6. Nf3 O-O-O 7. Be3 f6 8. exf6 gxf6 9. c3 e5 10. Nbd2 Nge7 11. Qb3 Rg8 12. g3 Nf5 13. Nf1 Bxf3 14. Bxf3 exd4 15. Bf4 Ne5 16. Bxh5 Nd3+ 17. Kd2 Nxf4 18. gxf4 Bh6 19. Kc2 Bxf4 20. Rd1 dxc3 21. bxc3 Rg2 22. Qa4 Qxa4+ 0-1


[Site "https://www.chess.com"]